cohdb
Replays
Latest Replays
All Replays
Popular Replays
Top Player Replays
Match Explorer
How It Works
Community
CoH3 Stats
Reddit
Sign in to upload your games and track your stats! →
Sign in with Steam
Match 38403197
Unlisted
Match 38403197
Overview
Messages
Build Orders
End
Construct Barracks
Riflemen Squad
Riflemen Squad
Riflemen Squad
Infantry Support Center
Grenade Package
Construct Medical Station
Riflemen Squad
M1918 Browning Automatic Rifles
Scout Squad
Riflemen Squad
Riflemen Squad
Construct Tank Depot
Advanced Logistics
Survival Training
Selects Armored Battlegroup
Selects Veteran Crews
Selects Field Repairs
Selects War Machine
M4A1 Sherman Medium Tank
Engineer Squad
Selects Strength in Steel
Captain Retinue
FooKilla
Cool Whhip
LEV-Detahaven
Tenshi
0
0
Comments
sign in to comment!
No comments posted yet!